NYP
LOWELL SPINNERS @ MINNESOTA (NYP) TWINS
08/28/2047
 
TOP OF THE 1ST
Lowell Spinners batting - Pitching for Minnesota (NYP) Twins : LHP Willie Jimenez
Pitching: LHP Willie Jimenez
Batting: RHB Jim Hubbard 0-0: Ball
1-0: Swinging Strike
1-1: Ball
2-1: Swinging Strike
2-2: Ball
3-2: Strikes out swinging
Batting: RHB Curt Stallings 0-0: Swinging Strike
0-1: Called Strike
0-2: Ball
1-2: Foul Ball, location: 2F
1-2: Hit by Pitch
Batting: RHB Dave Burwell 0-0: Called Strike
0-1: Swinging Strike
0-2: SINGLE (Groundball, 56D, EV 102.5 MPH)
Curt Stallings to second
Batting: RHB Alex Cardenas 0-0: Ground out 5-3 (Groundball, 56S, EV 71.9 MPH)
Curt Stallings to third
Dave Burwell to second
Batting: RHB Bobby Schimke 0-0: Ball
1-0: Foul Ball, location: 2F
1-1: Called Strike
1-2: SINGLE (Groundball, 4MS, EV 65.0 MPH) (infield hit)
Curt Stallings scores
Dave Burwell to third
Batting: RHB Tony Nunez 0-0: Swinging Strike
0-1: Called Strike
0-2: Ball
1-2: Ball
2-2: Strikes out swinging
Top of the 1st over - 1 run, 2 hits, 0 errors, 2 left on base; Lowell 1 - Minnesota (NYP) 0
BOTTOM OF THE 1ST
Minnesota (NYP) Twins batting - Pitching for Lowell Spinners : RHP Dan Jenkins
Pitching: RHP Dan Jenkins
Batting: RHB Caleb Bockmann 0-0: Ball
1-0: Ball
2-0: Ball
3-0: Base on Balls
Batting: RHB Tim Carter 0-0: Called Strike
Caleb Bockmann steals 2nd base
0-1: Swinging Strike
0-2: Foul Ball, location: 2F
0-2: Strikes out swinging
Batting: LHB Tomas Espino 0-0: Called Strike
0-1: Ball
1-1: Ball
2-1: Ball
3-1: Called Strike
3-2: Base on Balls
Batting: RHB Leo Gonzalez 0-0: Foul Ball, location: 2F
0-1: Called Strike
Caleb Bockmann steals 3rd base
Tomas Espino to second
0-2: Ball
1-2: Foul Ball, location: 2F
1-2: Hit by Pitch
Batting: SHB Chris Hull 0-0: Foul Ball, location: 2F
0-1: Ball
1-1: Ball
2-1: Foul Ball, location: 2F
2-2: Ball
3-2: Fielders Choice at 2nd, 3-6 (Groundball, 34, EV 83.8 MPH)
Caleb Bockmann scores
Tomas Espino to third
Batting: RHB David McClellan 0-0: Ball
1-0: Ball
2-0: Called Strike
2-1: Ball
3-1: Foul Ball, location: 2F
3-2: Strikes out swinging
Bottom of the 1st over - 1 run, 0 hits, 0 errors, 2 left on base; Lowell 1 - Minnesota (NYP) 1
TOP OF THE 2ND
Lowell Spinners batting - Pitching for Minnesota (NYP) Twins : LHP Willie Jimenez
Batting: SHB Salvador Padilla 0-0: Ball
1-0: Foul Ball, location: 2F
1-1: Ball
2-1: Foul Ball, location: 2F
2-2: Foul Ball, location: 2F
2-2: Foul Ball, location: 2F
2-2: Ball
3-2: Strikes out swinging
Batting: RHB John Doucette 0-0: Called Strike
0-1: Ground out U3 (Groundball, 3, EV 86.2 MPH)
Batting: RHB Mike Strey 0-0: Called Strike
0-1: Ground out 4-3 (Groundball, 4, EV 105.6 MPH)
Top of the 2nd over - 0 runs, 0 hits, 0 errors, 0 left on base; Lowell 1 - Minnesota (NYP) 1
BOTTOM OF THE 2ND
Minnesota (NYP) Twins batting - Pitching for Lowell Spinners : RHP Dan Jenkins
Batting: LHB David Ramos 0-0: DOUBLE (Line Drive, 78D, EV 113.1 MPH)
Batting: LHB Jose Hilario 0-0: Foul Ball, location: 2F
0-1: Foul Ball, location: 2F
0-2: Foul Ball, location: 2F
0-2: SINGLE (Groundball, 34D, EV 106.9 MPH)
David Ramos to third
Batting: RHB Chris Bejarano 0-0: Ball
Pickoff Throw to First - Out! 1-3
1-0: Ball
2-0: Foul Ball, location: 2F
2-1: Swinging Strike
2-2: Strikes out swinging
Batting: RHB Caleb Bockmann 0-0: Ball
1-0: Ball
2-0: Called Strike
2-1: Ground out 5-3 (Groundball, 56S, EV 66.9 MPH)
Bottom of the 2nd over - 0 runs, 2 hits, 0 errors, 1 left on base; Lowell 1 - Minnesota (NYP) 1
TOP OF THE 3RD
Lowell Spinners batting - Pitching for Minnesota (NYP) Twins : LHP Willie Jimenez
Batting: RHB Jim Hubbard 0-0: Called Strike
0-1: Foul Ball, location: 2F
0-2: Foul Ball, location: 2F
0-2: Ball
1-2: Ball
2-2: Ball
3-2: Fly out, F8 (Flyball, 8RM, EV 91.2 MPH)
Batting: RHB Curt Stallings 0-0: Ball
1-0: Ball
2-0: Ball
3-0: Called Strike
3-1: Foul Ball, location: 2F
3-2: Foul Ball, location: 2F
3-2: Base on Balls
Batting: RHB Dave Burwell 0-0: Swinging Strike
0-1: Foul Ball, location: 2F
0-2: Ball
1-2: SINGLE (Groundball, 4M, EV 81.9 MPH) (infield hit)
Curt Stallings to second
Batting: RHB Alex Cardenas 0-0: Foul Ball, location: 2F
0-1: Foul Ball, location: 2F
0-2: Ball
1-2: Strikes out looking
Batting: RHB Bobby Schimke 0-0: Called Strike
0-1: Ball
1-1: Foul Ball, location: 2F
1-2: Foul Ball, location: 2F
1-2: Foul Ball, location: 2F
1-2: Ball
2-2: Ground out 5-3 (Groundball, 56, EV 102.5 MPH)
Top of the 3rd over - 0 runs, 1 hit, 0 errors, 2 left on base; Lowell 1 - Minnesota (NYP) 1
BOTTOM OF THE 3RD
Minnesota (NYP) Twins batting - Pitching for Lowell Spinners : RHP Dan Jenkins
Batting: RHB Tim Carter 0-0: Ball
1-0: Called Strike
1-1: Ball
2-1: Ball
3-1: Foul Ball, location: 2F
3-2: Base on Balls
Batting: LHB Tomas Espino 0-0: Ball
1-0: Ball
Tim Carter steals 2nd base
2-0: Foul Ball, location: 2F
2-1: Swinging Strike
2-2: Ball
3-2: Foul Ball, location: 2F
3-2: Foul Ball, location: 2F
3-2: Base on Balls
Batting: RHB Leo Gonzalez 0-0: Called Strike
0-1: Grounds into double play, 5-4-3 (Groundball, 56S, EV 90.6 MPH)
Tim Carter to third
Batting: SHB Chris Hull 0-0: Foul Ball, location: 2F
0-1: Called Strike
0-2: Foul Ball, location: 2F
0-2: Ball
Wild Pitch!
Tim Carter scores
1-2: Strikes out looking
Bottom of the 3rd over - 1 run, 0 hits, 0 errors, 0 left on base; Lowell 1 - Minnesota (NYP) 2
TOP OF THE 4TH
Lowell Spinners batting - Pitching for Minnesota (NYP) Twins : LHP Willie Jimenez
Batting: RHB Tony Nunez 0-0: Called Strike
0-1: Foul Ball, location: 2F
0-2: Foul Ball, location: 2F
0-2: Ball
1-2: Ball
2-2: Strikes out swinging
Batting: SHB Salvador Padilla 0-0: Fly out, F9 (Flyball, 9LM, EV 92.5 MPH)
Batting: RHB John Doucette 0-0: Fly out, F5 (Line Drive, 5L, EV 67.5 MPH)
Top of the 4th over - 0 runs, 0 hits, 0 errors, 0 left on base; Lowell 1 - Minnesota (NYP) 2
BOTTOM OF THE 4TH
Minnesota (NYP) Twins batting - Pitching for Lowell Spinners : RHP Dan Jenkins
Batting: RHB David McClellan 0-0: Ground out 4-3 (Groundball, 4, EV 102.5 MPH)
Batting: LHB David Ramos 0-0: Called Strike
0-1: SINGLE (Groundball, 6M, EV 103.8 MPH) (infield hit)
Batting: LHB Jose Hilario 0-0: Ball
David Ramos is caught stealing 2nd base 2-6
1-0: Foul Ball, location: 2F
1-1: Ball
2-1: Ground out 6-3 (Groundball, 6, EV 83.1 MPH)
Bottom of the 4th over - 0 runs, 1 hit, 0 errors, 0 left on base; Lowell 1 - Minnesota (NYP) 2
TOP OF THE 5TH
Lowell Spinners batting - Pitching for Minnesota (NYP) Twins : LHP Willie Jimenez
Batting: RHB Mike Strey 0-0: Called Strike
0-1: Ball
1-1: Fly out, F8 (Flyball, 8LD, EV 78.8 MPH)
Batting: RHB Jim Hubbard 0-0: Foul Ball, location: 2F
0-1: Ball
1-1: Swinging Strike
1-2: Ball
2-2: Ball
3-2: Fly out, F3 (Popup, 3SF, EV 74.4 MPH)
Batting: RHB Curt Stallings 0-0: Ground out 4-3 (Groundball, 4, EV 102.5 MPH)
Top of the 5th over - 0 runs, 0 hits, 0 errors, 0 left on base; Lowell 1 - Minnesota (NYP) 2
BOTTOM OF THE 5TH
Minnesota (NYP) Twins batting - Pitching for Lowell Spinners : RHP Dan Jenkins
Batting: RHB Chris Bejarano 0-0: Ground out 6-3 (Groundball, 6, EV 82.5 MPH)
Batting: RHB Caleb Bockmann 0-0: Called Strike
0-1: SINGLE (Line Drive, 5D, EV 105.6 MPH)
Batting: RHB Tim Carter 0-0: Ball
1-0: SINGLE (Groundball, 25, EV 73.1 MPH) (infield hit)
Caleb Bockmann to second
Batting: LHB Tomas Espino 0-0: Called Strike
0-1: Foul Ball, location: 2F
0-2: Strikes out swinging
Batting: RHB Leo Gonzalez 0-0: Called Strike
0-1: Called Strike
0-2: Strikes out looking
Bottom of the 5th over - 0 runs, 2 hits, 0 errors, 2 left on base; Lowell 1 - Minnesota (NYP) 2
TOP OF THE 6TH
Lowell Spinners batting - Pitching for Minnesota (NYP) Twins : LHP Willie Jimenez
Batting: RHB Dave Burwell 0-0: Fly out, F4 (Line Drive, 4, EV 70.0 MPH)
Batting: RHB Alex Cardenas 0-0: Called Strike
0-1: Ball
1-1: Called Strike
1-2: Ball
2-2: Foul Ball, location: 2F
2-2: Ball
3-2: Strikes out swinging
Batting: RHB Bobby Schimke 0-0: Called Strike
0-1: Fly out, F8 (Flyball, 8RM, EV 91.2 MPH)
Top of the 6th over - 0 runs, 0 hits, 0 errors, 0 left on base; Lowell 1 - Minnesota (NYP) 2
BOTTOM OF THE 6TH
Minnesota (NYP) Twins batting - Pitching for Lowell Spinners : RHP Dan Jenkins
Batting: SHB Chris Hull 0-0: Ball
1-0: Ball
2-0: Ball
3-0: Base on Balls
Batting: RHB David McClellan 0-0: Ball
1-0: Ball
2-0: Hit by Pitch
Chris Hull to second
Pitching: LHP Ken Berger
Batting: LHB David Ramos 0-0: Ball
1-0: Swinging Strike
1-1: Foul Ball, location: 2F
1-2: Foul Ball, location: 2F
1-2: Ball
2-2: Strikes out swinging
Batting: LHB Jose Hilario 0-0: Called Strike
0-1: Foul Ball, location: 2F
0-2: Strikes out swinging
Batting: RHB Chris Bejarano 0-0: Called Strike
0-1: Ball
Passed Ball!
Chris Hull to third
David McClellan to second
1-1: Called Strike
1-2: Strikes out swinging
Bottom of the 6th over - 0 runs, 0 hits, 0 errors, 2 left on base; Lowell 1 - Minnesota (NYP) 2
TOP OF THE 7TH
Lowell Spinners batting - Pitching for Minnesota (NYP) Twins : LHP Willie Jimenez
Batting: RHB Tony Nunez 0-0: Ball
1-0: TRIPLE (Line Drive, 78XD, EV 106.9 MPH)
Pitching: LHP Bobby Shaw
Batting: SHB Salvador Padilla 0-0: Fly out, F8 (Flyball, 8LXD, EV 78.8 MPH)
Runner from 3rd tags up, SCORES, no throw by CF
Batting: RHB John Doucette 0-0: Ball
1-0: Called Strike
1-1: Ball
2-1: Swinging Strike
2-2: Strikes out swinging
Batting: RHB Mike Strey 0-0: Called Strike
0-1: Ball
1-1: Swinging Strike
1-2: Foul Ball, location: 2F
1-2: Ground out 5-3 (Groundball, 56, EV 87.5 MPH)
Top of the 7th over - 1 run, 1 hit, 0 errors, 0 left on base; Lowell 2 - Minnesota (NYP) 2
BOTTOM OF THE 7TH
Minnesota (NYP) Twins batting - Pitching for Lowell Spinners : LHP Ken Berger
Batting: RHB Caleb Bockmann 0-0: Ball
1-0: Called Strike
1-1: Ball
2-1: Ball
3-1: Swinging Strike
3-2: Strikes out swinging
Batting: RHB Tim Carter 0-0: Called Strike
0-1: Ball
1-1: Foul Ball, location: 2F
1-2: Strikes out swinging
Batting: LHB Tomas Espino 0-0: Called Strike
0-1: Called Strike
0-2: Ball
1-2: Foul Ball, location: 2F
1-2: Ball
2-2: Ball
3-2: Foul Ball, location: 2F
3-2: Strikes out swinging
Bottom of the 7th over - 0 runs, 0 hits, 0 errors, 0 left on base; Lowell 2 - Minnesota (NYP) 2
TOP OF THE 8TH
Lowell Spinners batting - Pitching for Minnesota (NYP) Twins : LHP Bobby Shaw
Batting: RHB Jim Hubbard 0-0: Called Strike
0-1: Swinging Strike
0-2: Fly out, F7 (Flyball, 78D, EV 86.9 MPH)
Batting: RHB Curt Stallings 0-0: Called Strike
0-1: Ball
1-1: Ground out 3-1 (Groundball, 34, EV 105.6 MPH)
Batting: RHB Dave Burwell 0-0: Ball
1-0: Ball
2-0: DOUBLE (Line Drive, 3D, EV 98.1 MPH)
Batting: RHB Alex Cardenas 0-0: Ball
1-0: Ball
2-0: Ball
3-0: Called Strike
3-1: Base on Balls
Batting: RHB Bobby Schimke 0-0: Ball
1-0: Called Strike
1-1: Swinging Strike
1-2: Strikes out swinging
Top of the 8th over - 0 runs, 1 hit, 0 errors, 2 left on base; Lowell 2 - Minnesota (NYP) 2
BOTTOM OF THE 8TH
Minnesota (NYP) Twins batting - Pitching for Lowell Spinners : LHP Ken Berger
Batting: RHB Leo Gonzalez 0-0: Ball
1-0: SINGLE (Groundball, 56D, EV 94.4 MPH)
Pitching: LHP Rob Hymowitz
Batting: SHB Chris Hull 0-0: Ball
1-0: Ball
2-0: Called Strike
2-1: Grounds into double play, 4-6-3 (Groundball, 4M, EV 86.2 MPH)
Batting: RHB David McClellan 0-0: Foul Ball, location: 2F
0-1: Foul Ball, location: 2F
0-2: Ball
1-2: SINGLE (Groundball, 56S, EV 71.9 MPH) (infield hit)
Pinch Hitting: RHB Ryan Starks 0-0: Ground out 1-3 (Groundball, 13S, EV 70.0 MPH)
Bottom of the 8th over - 0 runs, 2 hits, 0 errors, 1 left on base; Lowell 2 - Minnesota (NYP) 2
TOP OF THE 9TH
Lowell Spinners batting - Pitching for Minnesota (NYP) Twins : LHP Bobby Shaw
Pitching: RHP Dean Huch
Now in RF: Dave Bertheau
Batting: RHB Tony Nunez 0-0: Called Strike
0-1: Swinging Strike
0-2: Strikes out looking
Batting: SHB Salvador Padilla 0-0: Called Strike
0-1: Called Strike
0-2: Ball
1-2: Ball
2-2: Foul Ball, location: 2F
2-2: Ball
3-2: Strikes out swinging
Batting: SHB Eric Evans 0-0: Ball
1-0: Ball
2-0: Called Strike
2-1: Fly out, F7 (Flyball, 7, EV 91.2 MPH)
Top of the 9th over - 0 runs, 0 hits, 0 errors, 0 left on base; Lowell 2 - Minnesota (NYP) 2
BOTTOM OF THE 9TH
Minnesota (NYP) Twins batting - Pitching for Lowell Spinners : LHP Rob Hymowitz
Batting: LHB Jose Hilario 0-0: Ball
1-0: Swinging Strike
1-1: SINGLE (Line Drive, 8RS, EV 93.1 MPH)
Batting: RHB Chris Bejarano 0-0: Sac Bunt to 2L - play at first, batter OUT! 2-3
Jose Hilario to second
Batting: RHB Caleb Bockmann 0-0: Called Strike
0-1: Ball
Wild Pitch!
Jose Hilario to third
1-1: Swinging Strike
1-2: Strikes out swinging
Batting: RHB Tim Carter 0-0: Foul Ball, location: 2F
0-1: Swinging Strike
0-2: Strikes out swinging
Bottom of the 9th over - 0 runs, 1 hit, 0 errors, 1 left on base; Lowell 2 - Minnesota (NYP) 2
TOP OF THE 10TH
Lowell Spinners batting - Pitching for Minnesota (NYP) Twins : RHP Dean Huch
Batting: RHB Mike Strey 0-0: Ball
1-0: Called Strike
1-1: Ball
2-1: Ball
3-1: Called Strike
3-2: Foul Ball, location: 2F
3-2: Base on Balls
Batting: RHB Jim Hubbard 0-0: Bunted foul
0-1: Ball
1-1: Bunted foul
1-2: Fly out, F8 (Flyball, 89D, EV 90.0 MPH)
Batting: RHB Curt Stallings 0-0: Called Strike
0-1: Fly out, F3 (Popup, 13, EV 74.4 MPH)
Batting: RHB Dave Burwell 0-0: Called Strike
0-1: Called Strike
0-2: Foul Ball, location: 2F
0-2: Ball
1-2: Hit by Pitch
Mike Strey to second
Batting: RHB Alex Cardenas 0-0: Swinging Strike
0-1: Ball
1-1: Ball
2-1: Called Strike
2-2: Ball
3-2: Strikes out looking
Top of the 10th over - 0 runs, 0 hits, 0 errors, 2 left on base; Lowell 2 - Minnesota (NYP) 2
BOTTOM OF THE 10TH
Minnesota (NYP) Twins batting - Pitching for Lowell Spinners : LHP Rob Hymowitz
Pitching: RHP Ross Ratcliffe
Batting: LHB Tomas Espino 0-0: Ball
1-0: Ball
2-0: Called Strike
2-1: Ball
3-1: Called Strike
3-2: Foul Ball, location: 2F
3-2: Foul Ball, location: 2F
3-2: Base on Balls
Batting: RHB Leo Gonzalez 0-0: Called Strike
0-1: Called Strike
0-2: Strikes out swinging
Batting: SHB Chris Hull 0-0: Ball
1-0: Called Strike
1-1: Ball
2-1: Ball
3-1: Foul Ball, location: 2F
3-2: Base on Balls
Tomas Espino to second
Pitching: LHP David Schultz
Batting: RHB David McClellan 0-0: SINGLE (Line Drive, 78S, EV 106.2 MPH)
Tomas Espino to third
Chris Hull to second
Batting: LHB Dave Bertheau 0-0: Fly out, F8 (Flyball, 8LS, EV 93.8 MPH)
Batting: LHB Jose Hilario 0-0: Ball
1-0: Ball
2-0: Called Strike
2-1: Foul Ball, location: 2F
2-2: Fly out, F8 (Flyball, 8LD, EV 85.6 MPH)
Bottom of the 10th over - 0 runs, 1 hit, 0 errors, 3 left on base; Lowell 2 - Minnesota (NYP) 2
TOP OF THE 11TH
Lowell Spinners batting - Pitching for Minnesota (NYP) Twins : RHP Dean Huch
Pitching: RHP Andrew Rich
Batting: RHB Bobby Schimke 0-0: Ball
1-0: Ball
2-0: Foul Ball, location: 2F
2-1: Fly out, F8 (Line Drive, 8RD, EV 96.2 MPH)
Batting: RHB Tony Nunez 0-0: Ball
1-0: SINGLE (Groundball, 6S, EV 61.9 MPH) (infield hit)
Batting: SHB Salvador Padilla 0-0: Ball
1-0: SINGLE (Groundball, 34, EV 99.4 MPH)
Tony Nunez to second
Runner from 2nd tries for 3rd, SAFE, throw by RF made to third
Salvador Padilla to second
Batting: SHB Eric Evans 0-0: Ball
1-0: Ball
2-0: Ball
3-0: Base on Balls
Batting: RHB Mike Strey 0-0: Ball
1-0: Fly out, F9 (Flyball, 89S, EV 87.5 MPH)
Batting: RHB Jim Hubbard 0-0: DOUBLE (Line Drive, 9LS, EV 108.8 MPH)
Tony Nunez scores
Salvador Padilla scores
Eric Evans to third
Runner from 3rd tries for Home, SAFE, no throw by RF
Batting: RHB Curt Stallings 0-0: Ball
1-0: Ball
2-0: Foul Ball, location: 2F
2-1: Ball
3-1: Foul Ball, location: 2F
3-2: Foul Ball, location: 2F
3-2: Foul Ball, location: 2F
3-2: Foul Ball, location: 2F
3-2: Base on Balls
Batting: RHB Dave Burwell 0-0: Swinging Strike
0-1: Ball
1-1: Ball
Wild Pitch!
Jim Hubbard to third
Curt Stallings to second
2-1: Foul Ball, location: 2F
2-2: Foul Ball, location: 2F
2-2: Ball
3-2: Foul Ball, location: 2F
3-2: Foul Ball, location: 2F
3-2: Ground out 6-3 (Groundball, 6, EV 105.6 MPH)
Top of the 11th over - 3 runs, 3 hits, 0 errors, 2 left on base; Lowell 5 - Minnesota (NYP) 2
BOTTOM OF THE 11TH
Minnesota (NYP) Twins batting - Pitching for Lowell Spinners : LHP David Schultz
Batting: RHB Chris Bejarano 0-0: Called Strike
0-1: Called Strike
0-2: Ball
1-2: Strikes out swinging
Batting: RHB Caleb Bockmann 0-0: Called Strike
0-1: Ground out 6-3 (Groundball, 6, EV 85.0 MPH)
Batting: RHB Tim Carter 0-0: Ball
1-0: Ground out 5-3 (Groundball, 5, EV 91.2 MPH)
Bottom of the 11th over - 0 runs, 0 hits, 0 errors, 0 left on base; Lowell 5 - Minnesota (NYP) 2
Thursday, December 15th , 2022 - OOTP Baseball 23.9 Build 102